 Seeded DCSS version 0.28-a0-1616-g050a50673c (webtiles) character file.

Game seed: 12425884775959184874 (custom seed)

1021 Zonian the Ducker (level 8, 0/50 HPs)
             Began as a Djinni Ice Elementalist on Jan 23, 2022.
             Was a Believer of Okawaru.
             Slain by a killer bee (5 damage)
             ... on level 5 of the Dungeon.
             The game lasted 00:16:46 (9956 turns).

Zonian the Ducker (Djinni Ice Elementalist)         Turns: 9956, Time: 00:16:47

Health: 0/50       AC:  2    Str: 13    XL:     8   Next: 46%
Gold:   197        EV: 13    Int: 19    God:    Okawaru [**....] SH:  5 Dex: 14

rFire   + + +      SeeInvis .   v - +9 dagger of the Mind {vorpal, rF+ MP+9}
rCold   x . .      Faith    .   h - +1 buckler "Suteorin" {rN+ MP+9}
rNeg    + . .      Spirit   .   a - +0 robe
rPois   ∞          Reflect  .   (no helmet)
rElec   .          Harm     .   (no cloak)
rCorr   .          Rampage  .   (no gloves)
Will    .....                   (boots unavailable)
Stlth   +++.......              (no amulet)
HPRegen 0.16/turn               b - ring of wizardry
MPRegen 0.00/turn               i - +6 ring of strength

@: flying
A: sickness immunity, fire resistance 2, cold vulnerability 1, float, innate
caster, hp casting, extra vitality 1
a: Renounce Religion, Heroism


You were on level 5 of the Dungeon.
You worshipped Okawaru.
Okawaru was pleased with you.
You visited 1 branch of the dungeon, and saw 5 of its levels.

You collected 197 gold pieces.

Inventory:

Hand Weapons
 e - a +0 dagger
 g - a +6 spear of venom
 v - the +9 dagger of the Mind (weapon) {vorpal, rF+ MP+9}
   (You found it on level 4 of the Dungeon)

   It inflicts extra damage upon your enemies.
   rF:        It protects you from fire.
   MP:        It affects your magic capacity (+9).
Missiles
 j - 3 boomerangs of dispersal
 t - 5 poisoned darts
 u - 15 sling bullets
Armour
 a - a +0 robe (worn)
 h - the +1 buckler "Suteorin" (worn) {rN+ MP+9}
   (You acquired it on level 5 of the Dungeon)

   rN:        It protects you from negative energy.
   MP:        It affects your magic capacity (+9).
Magical Staves
 d - a staff of air
Jewellery
 b - a ring of wizardry (left hand)
 i - a +6 ring of strength (right hand)
Scrolls
 n - a scroll of silence
Potions
 c - a potion of berserk rage {unknown}
 f - a potion of degeneration {unknown}
 l - a potion of lignification {unknown}
 o - a potion of resistance {unknown}
 p - 2 potions of heal wounds {unknown}
 q - a potion of cancellation {unknown}
 s - a potion of magic {unknown}


   Skills:
 + Level 2.4 Short Blades
 + Level 5.2 Dodging
 + Level 4.2 Stealth
 + Level 2.0 Shields
 + Level 4.6 Spellcasting
 + Level 3.4 Invocations


You couldn't memorise any spells.
You knew the following spells:

 Your Spells              Type           Power      Damage    Failure   Level
a - Freeze                Ice            88%        1d10      1%          1
b - Frozen Ramparts       Ice            44%        1d6       3%          3
c - Ozocubu's Armour      Ice            22%        N/A       3%          3
d - Hailstorm             Conj/Ice       22%        3d7       11%         4
e - Foxfire               Conj/Fire      88%        2x1d8     1%          1
f - Searing Ray           Conj           44%        2d6       1%          2
g - Teleport Other        Tloc           22%        N/A       3%          3
Your spell library was empty.

Dungeon Overview and Level Annotations

Branches:
Dungeon (5/15)
 Temple: D:4-7

Altars:
Fedhas
Okawaru

Annotations:
D:3 exclusion: oklob plant
D:5 Sigmund


Innate Abilities, Weirdness & Mutations

You are immune to sickness and miasma.
You are immune to poison.
Your flesh is very heat resistant. (rF++)
You are vulnerable to cold. (rC-)
You float through the air rather than walking.
You learn spells naturally, not from books.
Your magical power is your life essence.
You have superior vitality. (+4 MHP)


Message History

(Press . to maintain the ray.) Sigmund the Dreaded comes into view.
He is wielding a +0 scythe and carrying a wand of flame (11).
The searing ray misses the ice beast.
Unknown command.
Okay, then.
Throw: 4 boomerangs (disperse)
Press: ? - help, Q - select action, (/) - cycle Shift-Dir - straight line, f/p - ice beast
Aim: an ice beast (57% to hit)
You throw a boomerang of dispersal.
The boomerang of dispersal hits the ice beast but does no damage.
The ice beast hits you but does no damage.
The ice beast hits you. The ice beast freezes you!
You feel a terrible chill!
Unknown command.
Okay, then.
Unknown command.
The killer bee buzzes angrily.
Sigmund casts a spell.
Sigmund flickers and vanishes!
Deactivating autopickup; reactivate with Ctrl-A.
You see here a +0 leather armour.
The killer bee stings you. You block the killer bee's attack.
The killer bee misses you. The killer bee stings you.
You block the killer bee's attack. The killer bee stings you!
The killer bee closely misses you. The killer bee stings you!
* * * LOW HITPOINT WARNING * * *
You block the killer bee's attack. The killer bee closely misses you.
The killer bee misses you. The killer bee stings you.
* * * LOW HITPOINT WARNING * * *
The killer bee completely misses you. The killer bee stings you!
* * * LOW HITPOINT WARNING * * *
The killer bee barely misses you.
There is a stone staircase leading up here.
The killer bee misses you. The killer bee stings you.
You die...

#...@...# #.###...
#.#####.# #..###.#
#.#)..#.# #..# #.#
#.#.#.#.# #..###.#
#.#.#.#.# #......#
##'#.#.#.# #...#.)#
#...<#.#.# #...# .#
#....#÷#.#####.#.# .#
#...@#.#[......#.#..#
#...y#.#.......#....# ##
#...Y#.#{......#....#
...#....#.#.......##..##
.......{#.#...........##
........#.#........##.##
...................##.##
#######+#...............
#....###########.##


You could see an ice beast and a killer bee.

Vanquished Creatures
  A water moccasin (D:5)
  2 necrophages (D:5)
  A water moccasin zombie (D:5)
  A gnoll sergeant (D:5)
  A scorpion (D:5)
  3 water moccasin skeletons
  A killer bee (D:5)
  3 hounds
  An orc priest (D:2)
  A bullfrog skeleton (D:5)
  3 iguanas
  4 gnolls (D:5)
  4 adders
  An ufetubus (D:5)
  2 dart slugs
  4 orcs
  5 bats
  12 endoplasms
  3 giant cockroaches
  6 goblins
  5 hobgoblins
  3 jackals
  3 quokkas
  4 ball pythons
  5 frilled lizards
  4 kobolds
  5 rats
88 creatures vanquished.

Vanquished Creatures (others)
  9 foxfires (D:5)
  A plant (D:2)
10 creatures vanquished.

Grand Total: 98 creatures vanquished

Notes
Turn   | Place    | Note
-------+----------+-------------------------------------------
     0 | D:1      | Zonian the Djinni Ice Elementalist began the quest for the
                  | Orb.
     0 | D:1      | Reached XP level 1. HP: 15/15 MP: 0/0
   188 | D:1      | Reached XP level 2. HP: 15/21 MP: 0/0
   846 | D:1      | You are sucked into a shaft and drop 1 floor!
  1289 | D:1      | Reached XP level 3. HP: 15/25 MP: 0/0
  1289 | D:1      | Learned a level 1 spell: Foxfire
  2454 | D:1      | Reached skill level 3 in Dodging
  3189 | D:2      | Found a faded altar of an unknown god.
  3584 | D:2      | Prayed at the altar of an unknown god.
  3584 | D:2      | Became a worshipper of Warmaster Okawaru
  3584 | D:2      | Reached * piety under Okawaru
  3627 | D:2      | Reached XP level 4. HP: 29/31 MP: 0/0
  4568 | D:2      | Reached XP level 5. HP: 3/35 MP: 0/0
  4568 | D:2      | Learned a level 2 spell: Searing Ray
  5695 | D:3      | Found a blossoming altar of Fedhas.
  5979 | D:3      | Noticed an oklob plant
  6018 | D:4      | Reached skill level 1 in Invocations
  6618 | D:4      | Noticed an ogre
  6764 | D:4      | Reached XP level 6. HP: 32/40 MP: 0/0
  7563 | D:4      | Identified the +9 dagger of the Mind {vorpal, rF+ MP+9}
  7984 | D:4      | Reached skill level 4 in Dodging
  8006 | D:5      | Entered Level 5 of the Dungeon
  8026 | D:5      | Noticed a necrophage
  8041 | D:5      | Noticed an ice beast
  8050 | D:5      | Killed a necrophage
  8180 | D:5      | Reached ** piety under Okawaru
  8181 | D:5      | Reached skill level 1 in Short Blades
  8181 | D:5      | Reached XP level 7. HP: 36/45 MP: 0/0
  8181 | D:5      | Learned a level 3 spell: Teleport Other
  8264 | D:5      | Identified a scroll of acquirement
  8264 | D:5      | Acquired the +1 buckler "Suteorin" {rN+ MP+9}
  8307 | D:5      | Noticed a water moccasin
  8315 | D:5      | Killed a water moccasin
  8622 | D:5      | Reached skill level 1 in Shields
  8802 | D:5      | Reached XP level 8. HP: 47/50 MP: 0/0
  9341 | D:5      | Reached skill level 5 in Dodging
  9926 | D:5      | Noticed Sigmund
  9956 | D:5      | Slain by a killer bee

Illustrated notes

Levels and vault maps discovered:
D:1:      amcnicky_arrival_abandoned_market, layout_basic
D:2:      layout_basic, shapermc_ecumenical_altar_rom_forum
D:3:      layout_basic, tgw_fedhas, minivault_4
D:4:      layout_cave_pools
D:5:      layout_basic, uniq_sigmund, uniq_crazy_yiuf_cottage

Skill      XL: |  1  2  3  4  5  6  7  8 |
---------------+-------------------------+-----
Stealth        | 2 3 4 |  4.2
Dodging        | 3 4 5 |  5.2
Invocations    | 1 2 3 |  3.4
Spellcasting   | 4 |  4.6
Short Blades   | 1 2 |  2.4
Shields        | 1 2 |  2.0

Action                   |  1- 3 |  4- 6 |  7- 9 || total
-------------------------+-------+-------+-------++-------
Melee: Unarmed           |     1 |       |       ||     1
       Dagger            |    38 |    77 |    52 ||   167
       Punch             |     1 |     3 |       ||     4
Throw: Boomerang         |       |       |     1 ||     1
 Cast: Freeze            |    59 |    22 |     5 ||    86
       Frozen Ramparts   |       |     6 |     7 ||    13
       Searing Ray       |       |     2 |     6 ||     8
       Ozocubu's Armour  |       |     1 |       ||     1
       Foxfire           |       |       |     5 ||     5
       Teleport Other    |       |       |     2 ||     2
Invok: Heroism           |       |     1 |     1 ||     2
  Use: Scroll            |       |     9 |     3 ||    12
       Potion            |       |       |     5 ||     5
 Stab: Distracted        |     1 |     1 |       ||     2
       Sleeping          |     4 |     5 |     1 ||    10
Armor: Robe              |    23 |    13 |     5 ||    41
Dodge: Dodged            |    70 |    66 |    45 ||   181
Block: Buckler           |       |       |    24 ||    24

Table legend: (Time is in decaauts)
 A = Elapsed time spent in this place.
 B = Non-inter-level travel time spent in this place.
 C = Inter-level travel time spent in this place.
 D = Time resting spent in this place.
 E = Time spent auto-exploring this place.
 F = Levels seen in this place.
 G = Mean time per level.
                   A        B        C        D        E       F      G
               +--------+--------+--------+--------+--------+-----+--------+
         Total |   9954 |   9695 |    259 |   5888 |   2305 |   5 | 1990.8 |
       Dungeon |   9954 |   9695 |    259 |   5888 |   2305 |   5 | 1990.8 |
               +--------+--------+--------+--------+--------+-----+--------+

Top non-repeatable levels by time:
     D:1: 2629 daAuts
     D:2: 2326 daAuts
     D:3: 1931 daAuts
     D:5: 1806 daAuts
     D:4: 1260 daAuts
